 Dungeon Sprint DCSS version 0.19.4-8-ga85b6b9 (webtiles) character file.

4438 protoss039 the Severer (level 10, -6/95 (97) HPs)
             Began as a Minotaur Fighter on Feb 7, 2017.
             Was a Believer of Cheibriados.
             Killed from afar by a death drake (10 damage)
             ... with a foul vapour
             ... in the Dungeon (Sprint II: "The Violet Keep of Menkaure").
             The game lasted 00:12:01 (834 turns).

protoss039 the Severer (Minotaur Fighter)            Turns: 834, Time: 00:12:01

HP:   -6/95 (97)    AC: 15    Str: 33    XL:     10   Next: 14%
MP:   9/9           EV:  8    Int: 10    God:    Cheibriados [**....]
Gold: 370           SH: 15    Dex: 19    Spells: 0 memorised, 9 levels left

rFire  . . .     SeeInvis .     m - +10 war axe of Vanity {venom, *Rage MR+++ Str+4}
rCold  . . .     Gourm    .     q - +0 plate armour
rNeg   . . .     Faith    .     c - +0 shield
rPois  .         Spirit   .     (helmet restricted)
rElec  .         Reflect  .     (no cloak)
rCorr  .         Harm     .     (no gloves)
MR     +++..     Rnd*Rage +     (no boots)
Stlth  .......... NoTele   +    o - amulet "Mairchui" {*Slow Regen+ Dex+4 Stlth+}
                                (no ring)
                                (no ring)

@: lethally poisoned (-6 -> -44), non-regenerating, badly diseased, slowed, very
slow
A: retaliatory headbutt, horns 2
a: Bend Time, Renounce Religion


You were in the Dungeon.
You worshipped Cheibriados.
Cheibriados was pleased with you.
You were not hungry.

You visited 1 branch You collected 1316 gold pieces.
You spent 946 gold pieces at shops.

Inventory:

Hand Weapons
 a - a +0 war axe
 m - the +10 war axe of Vanity (weapon) {venom, *Rage MR+++ Str+4}
   (You bought it in a shop in the Dungeon)

   It poisons the flesh of those it strikes.
   It affects your strength (+4).
   It affects your resistance to hostile enchantments.
   It may make you go berserk in combat.
Armour
 b - a +0 scale mail
 c - a +0 shield (worn)
 q - a +0 plate armour (worn)
Jewellery
 o - the amulet "Mairchui" (around neck) {*Slow Regen+ Dex+4 Stlth+}
   (You bought it in a shop in the Dungeon)

   [amulet of regeneration]

   It affects your dexterity (+4).
   It increases your rate of regeneration.
   It may slow you when you take damage.
   It makes you more stealthy.
Scrolls
 k - a scroll of blinking
 n - 2 scrolls of identify
Potions
 g - a potion of might
 i - 2 potions of magic
 p - a potion of lignification
Comestibles
 d - 8 chunks of flesh
 f - a bread ration


   Skills:
 + Level 11.9 Fighting
 * Level 18.9 Axes
 + Level 11.7 Armour
 - Level 1.2 Dodging
 + Level 1.1 Stealth
 + Level 12.3 Shields


You had 9 spell levels left.
You didn't know any spells.

Dungeon Overview and Level Annotations

Branches:
Dungeon (1/1)

Altars:
Cheibriados
Dithmenos
Elyvilon
Fedhas
Gozag
Hepliaklqana
Kikubaaqudgha
Makhleb
Nemelex Xobeh
Okawaru
Qazlal
Ru
Sif Muna
Trog
Uskayaw
Vehumet
Xom
Yredelemnul
Zin
The Shining One
Beogh
Jiyva
Lugonu

Shops:
D (:![*:([[!(=?=%}

Annotations:
D exclusion: oklob plant, Roxanne


Innate Abilities, Weirdness & Mutations

You reflexively headbutt those who attack you in melee.
You have a pair of horns on your head.


Message History

You feel very sick. You block the death drake's attack.
The death drake bites you but does no damage.
The death drake breathes miasma at you. The foul vapour engulfs you!
You are lethally poisoned!
You feel as though you will be slow longer.
* * * LOW HITPOINT WARNING * * *
The death drake bites you.
* * * LOW HITPOINT WARNING * * *
You feel better.
You are engulfed in dark miasma.
You are poisoned.
You feel your flesh rotting away!
You feel ill.
* * * LOW HITPOINT WARNING * * *
x2 You feel sick.
You block the death drake's attack. The death drake breathes miasma at you.
The foul vapour engulfs you!
You are more poisoned.
You feel your flesh rotting away!
You feel ill.
You die...

#≈≈.≈§§≈ ≈≈≈§§§§ §≈§§8§≈ ##++##
≈§§§§≈ ##≈...### # §.§≈
#e≈.§...# #+++#+++#####^§§§#
.........#..!..§§# #
≈.##+##..#..####§# k#
≈##...##.####..'@##.#
≈#..#..#....#..#kk.#
###.).####..#####^.# .# %$$
.###'###.##..#..§^.# .#▓(%%?)$[
.###.##.###..#..#.^# .#▓)?(!?($
#.'.<.'##.'..####..##.#▓??$$([!
.###.##...#....###...##▓▓▓▓▓▓▓+
.###'###.##.§....≈≈≈≈≈≈≈≈≈≈≈≈≈.
###%#†####≈≈§.§§%)#'########+##


You could see 2 death drakes.

Vanquished Creatures
  A great orb of eyes (D)
  A siren (D)
  3 manticores (D)
  A yaktaur (D)
  5 polar bears (D)
  A blink frog (D)
  A hornet (D)
  A swamp drake (D)
  4 necrophages (D)
  A crocodile (D)
  4 worker ants (D)
  3 worms (D)
26 creatures vanquished.

Vanquished Creatures (others)
  Menkaure (D)
  A crocodile (D)
2 creatures vanquished.

Grand Total: 28 creatures vanquished

Notes
Turn   | Place    | Note
-------+----------+-------------------------------------------
     0 | D        | protoss039 the Minotaur Fighter began the quest for the Orb.
     0 | D        | Reached XP level 1. HP: 19/19 MP: 0/0
     1 | D        | Noticed a worker ant
     1 | D        | Noticed a worker ant
     7 | D        | Killed a worker ant
     7 | D        | Reached skill level 5 in Fighting
     7 | D        | Reached skill level 3 in Axes
     7 | D        | Reached skill level 5 in Armour
     7 | D        | Reached skill level 5 in Shields
     7 | D        | Reached XP level 2. HP: 12/29 MP: 1/1
     8 | D        | Killed a crocodile
    12 | D        | Reached XP level 3. HP: 8/37 MP: 2/2
    20 | D        | Reached skill level 4 in Axes
    20 | D        | Reached XP level 4. HP: 28/45 MP: 3/3
    35 | D        | Found Kilisy Tiddo's Jewellery Emporium.
    35 | D        | Found Ixkihote's Gadget Emporium.
    35 | D        | Found Habixomo's Distillery.
    35 | D        | Found Kouvaeni's Magic Scroll Shoppe.
    35 | D        | Found Jushuw's Food Shoppe.
    35 | D        | Found Wioxzoso's Antique Armour Emporium.
    35 | D        | Found Qasen's Jewellery Emporium.
    35 | D        | Found Ycesaes's Antique Armour Shoppe.
    36 | D        | Found Pusuhoid's Antique Weapon Emporium.
    36 | D        | Found Nablyqo's Book Shoppe.
    36 | D        | Found Ecwoghir's Assorted Antiques.
    37 | D        | Found Kigag's Antique Weapon Emporium.
    38 | D        | Found Kunueqar's Armour Shoppe.
    38 | D        | Found Qaopos's Distillery.
    38 | D        | Noticed a crocodile
    38 | D        | Noticed a death yak
    38 | D        | Noticed an oklob plant
    39 | D        | Found Xuytyiph's Weapon Shoppe.
    39 | D        | Found Yfoeqymadu's Book Shoppe.
    40 | D        | Noticed an iron elemental
    44 | D        | Noticed a yak
    45 | D        | Noticed a yak
    45 | D        | Noticed a yak
    53 | D        | Bought a potion of might for 40 gold pieces
    53 | D        | Bought a potion of heal wounds for 50 gold pieces
    55 | D        | Killed Menkaure
    76 | D        | Killed a crocodile
    76 | D        | Reached skill level 6 in Axes
    76 | D        | Reached skill level 1 in Dodging
    76 | D        | Reached XP level 5. HP: 19/53 MP: 4/4
   275 | D        | Noticed a siren
   290 | D        | Killed a siren
   290 | D        | Reached skill level 10 in Axes
   290 | D        | Reached XP level 6. HP: 58/64 MP: 5/5
   290 | D        | Reached XP level 7. HP: 64/70 MP: 6/6
   340 | D        | Reached skill level 11 in Axes
   350 | D        | Reached skill level 12 in Axes
   354 | D        | Reached skill level 10 in Armour
   354 | D        | Reached skill level 10 in Shields
   362 | D        | Noticed an obsidian statue
   385 | D        | Found a blossoming altar of Fedhas.
   386 | D        | Found an opulent altar of Gozag.
   398 | D        | Noticed Roxanne
   437 | D        | Bought a transparent war axe for 204 gold pieces
   437 | D        | Identified the +10 war axe of Vanity {venom, *Rage MR+++ Str+4} (You bought it in a shop in the Dungeon)
   447 | D        | Bought a scroll of identify for 28 gold pieces
   447 | D        | Bought a scroll of identify for 28 gold pieces
   453 | D        | Bought the amulet "Mairchui" {*Slow Regen+ Dex+4 Stlth+} for 596 gold pieces
   472 | D        | Noticed a blink frog
   485 | D        | Killed a blink frog
   485 | D        | Reached skill level 10 in Fighting
   485 | D        | Reached skill level 13 in Axes
   485 | D        | Reached XP level 8. HP: 79/79 MP: 7/7
   535 | D        | Found an iron altar of Okawaru.
   536 | D        | Found a sparkling altar of Nemelex Xobeh.
   537 | D        | Found a white marble altar of Elyvilon.
   537 | D        | Found a burning altar of Makhleb.
   537 | D        | Found a radiant altar of Vehumet.
   538 | D        | Found a shadowy altar of Dithmenos.
   538 | D        | Found a corrupted altar of Lugonu.
   538 | D        | Found a hide-covered altar of Uskayaw.
   538 | D        | Noticed a polar bear
   539 | D        | Noticed a polar bear
   539 | D        | Found an ancient bone altar of Kikubaaqudgha.
   539 | D        | Found a snail-covered altar of Cheibriados.
   539 | D        | Found a bloodstained altar of Trog.
   539 | D        | Found a glowing golden altar of the Shining One.
   540 | D        | Noticed a polar bear
   540 | D        | Found a viscous altar of Jiyva.
   540 | D        | Found a roughly hewn altar of Beogh.
   540 | D        | Found a deep blue altar of Sif Muna.
   540 | D        | Found a glowing silver altar of Zin.
   541 | D        | Noticed a yaktaur
   542 | D        | Noticed a hornet
   549 | D        | Killed a polar bear
   549 | D        | Reached skill level 1 in Stealth
   553 | D        | Killed a polar bear
   553 | D        | Reached skill level 14 in Axes
   554 | D        | Killed a polar bear
   561 | D        | Killed a hornet
   561 | D        | Reached skill level 15 in Axes
   562 | D        | Killed a yaktaur
   562 | D        | Reached XP level 9. HP: 76/86 MP: 8/8
   567 | D        | Found a hazy altar of Hepliaklqana.
   567 | D        | Found a sacrificial altar of Ru.
   567 | D        | Found a basalt altar of Yredelemnul.
   577 | D        | Found a stormy altar of Qazlal.
   577 | D        | Found a shimmering altar of Xom.
   590 | D        | Became a worshipper of Cheibriados the Contemplative
   601 | D        | Noticed a great orb of eyes
   605 | D        | Killed a great orb of eyes
   605 | D        | Reached skill level 17 in Axes
   617 | D        | Noticed a polar bear
   617 | D        | Noticed a polar bear
   621 | D        | Killed a polar bear
   625 | D        | Killed a polar bear
   625 | D        | Reached * piety under Cheibriados
   646 | D        | Noticed a deep elf master archer
   649 | D        | Noticed a manticore
   649 | D        | Noticed a manticore
   649 | D        | Noticed a manticore
   655 | D        | Killed a manticore
   655 | D        | Reached skill level 18 in Axes
   658 | D        | Killed a manticore
   658 | D        | Reached XP level 10. HP: 97/97 MP: 9/9
   660 | D        | Killed a manticore
   660 | D        | Reached ** piety under Cheibriados
   676 | D        | HP: 2/97 [deep elf master archer/arrow (33)]
   827 | D        | Noticed a death drake
   827 | D        | Noticed a death drake
   834 | D        | HP: 4/96 [poisoned by a death drake (dark miasma)]
   834 | D        | Killed from afar by a death drake

Skill      XL: |  1  2  3  4  5  6  7  8  9 |
---------------+----------------------------+-----
Fighting       | 5 6 7 9 10 11 | 11.9
Axes           | 3 4 6 10 13 15 18 | 18.9
Armour         | 5 6 7 9 10 11 | 11.7
Shields        | 5 6 7 9 10 11 12 | 12.3
Dodging        | 1 |  1.2
Stealth        | 1 |  1.1

Action                   |  1- 3 |  4- 6 |  7- 9 | 10-12 || total
-------------------------+-------+-------+-------+-------++-------
Melee: War axe           |    14 |    23 |    72 |     6 ||   115
       Headbutt          |     2 |     4 |    15 |     3 ||    24
  Use: Potion            |     2 |       |       |     2 ||     4
       Scroll            |       |       |       |     1 ||     1
Armor: Scale mail        |     8 |     4 |    17 |       ||    29
       Plate armour      |       |       |     5 |     1 ||     6
Dodge: Dodged            |     1 |     2 |    23 |     3 ||    29
Block: Shield            |    13 |     7 |    41 |     3 ||    64
